 Dungeon Crawl Stone Soup version 0.27-a0-1193-g8631133539 (webtiles) character file.

Game seed: 650654943449100457

83 ArcanElement the Covered (level 4, 0/35 HPs)
             Began as a Human Fighter on May 25, 2021.
             Slain by a goblin
             ... wielding a +0 club
             ... led by Robin
              (5 damage)
             ... on level 2 of the Dungeon.
             The game lasted 00:02:20 (2465 turns).

ArcanElement the Covered (Human Fighter)            Turns: 2465, Time: 00:02:20

Health: 0/35       AC:  5    Str: 16    XL:     4   Next: 71%
Magic:  5/5        EV:  8    Int:  8    God:
Gold:   61         SH:  9    Dex: 14    Spells: 3/3 levels left

rFire    . . .     SeeInvis .   a - +0 long sword
rCold    . . .     Faith    .   c - +0 kite shield
rNeg     . . .     Spirit   .   h - +0 ring mail
rPois    .         Reflect  .   (no helmet)
rElec    .         Harm     .   (no cloak)
rCorr    .         Rampage  .   (no gloves)
Will     .....                  (no boots)
Stlth    +.........             (no amulet)
HPRegen  0.11/turn              (no ring)
MPRegen  0.09/turn              (no ring)

@: hasted, very quick
A: no striking features
a: no special abilities


You were on level 2 of the Dungeon.
You visited 1 branch of the dungeon, and saw 2 of its levels.

You collected 61 gold pieces.

Inventory:

Hand Weapons
 a - a +0 long sword (weapon)
Missiles
 k - 8 poisoned darts (quivered)
 l - a throwing net
Armour
 b - a +0 scale mail
 c - a +0 kite shield (worn)
 h - a +0 ring mail (worn)
Scrolls
 e - 2 scrolls of teleportation {unknown}
 g - 2 scrolls of amnesia {unknown}
 i - a scroll of identify {unknown}
Potions
 d - a potion of might
 f - a potion of haste
 j - a potion of attraction {unknown}


   Skills:
 + Level 3.4 Fighting
 + Level 2.5 Long Blades
 + Level 3.5 Armour
 + Level 0.3 Dodging
 + Level 3.4 Shields
 * Level 1.5 Invocations


You had 3 spell levels left.
You didn't know any spells.
Your spell library was empty.

Dungeon Overview and Level Annotations

Branches:
Dungeon (2/15)

Altars:

Annotations:
D:2 Robin


Message History

You block the goblin's attack. The goblin closely misses you.
A hobgoblin comes into view.
The goblin unwields a +0 club.
The goblin wields a +0 hunting sling.
The goblin shoots a stone.
You block the stone.
The goblin shoots a stone.
You block the stone.
A goblin comes into view. It is wielding a +0 dagger.
The goblin no longer looks unusually strong.
You closely miss the goblin. The goblin barely misses you.
Robin roars a battlecry!
The goblin goes into a battle-frenzy!
You hear a shout!
You barely miss the goblin.
You hear a shout!
You block the goblin's attack.
Robin hits you from afar with a +4 spear of flaming.
Robin burns you. The goblin hits you but does no damage.
Robin roars a battlecry!
The goblin no longer looks unusually strong.
Robin throws the goblin at you!
You closely miss the goblin.
The goblin unwields a +0 hunting sling.
The goblin wields a +0 club.
The goblin hits you but does no damage. The goblin hits you with a +0 club.
You slash the goblin!
You kill the goblin!
You block the goblin's attack.
Robin hits you from afar with a +4 spear of flaming.
Robin burns you. The goblin barely misses you.
Robin laughs in a distinctly smug fashion.
Robin hits you from afar with a +4 spear of flaming!
* * * LOW HITPOINT WARNING * * *
Robin burns you.
* * * LOW HITPOINT WARNING * * *
A hobgoblin comes into view.
The hobgoblin shouts!
You hear a shout! x3
Things that are here:
a +0 club; a +0 hunting sling; a stone It was a potion of haste.
You feel yourself speed up. The goblin hits you with a +0 club.
You die...

....
gg.g..g...#
####
#...###########
#
#..............
#.
#g#.###########
#.. #.#.#
#...##.###..g#
#.......g....#
#....g#####..#
#
#......@gg.g>#
#
#.....########
# #.... # ....
# .#. # # #


You could see Robin, 2 hobgoblins and a goblin (strong).

Vanquished Creatures
  3 adders (D:2)
  2 worms (D:2)
  2 dart slugs
  2 ball pythons (D:1)
  3 bats
  3 endoplasms
  2 giant cockroaches (D:2)
  3 goblins
  9 hobgoblins
  2 quokkas
  3 frilled lizards
  5 kobolds
  5 rats
44 creatures vanquished.

Notes
Turn   | Place    | Note
-------+----------+-------------------------------------------
     0 | D:1      | ArcanElement the Human Fighter began the quest for the Orb.
     0 | D:1      | Reached XP level 1. HP: 18/18 MP: 1/1
   283 | D:1      | Reached XP level 2. HP: 20/24 MP: 2/2
   880 | D:1      | Reached XP level 3. HP: 16/28 MP: 3/3
  1366 | D:2      | Reached skill level 1 in Invocations
  1584 | D:2      | Reached XP level 4. HP: 30/35 MP: 4/4
  2446 | D:2      | Noticed Robin
  2465 | D:2      | Slain by a goblin

Illustrated notes

Levels and vault maps discovered:
D:1:      dpeg_arrival_castle, layout_basic
D:2:      layout_basic, uniq_robin

Skill      XL: |  1  2  3 |
---------------+----------+-----
Invocations    | 1 |  1.5
Fighting       | |  3.4
Long Blades    | |  2.5
Armour         | |  3.5
Dodging        | |  0.3
Shields        | |  3.4

Action                   |  1- 3 |  4- 6 || total
-------------------------+-------+-------++-------
Melee: Long sword        |    77 |    73 ||   150
  Use: Potion            |       |     1 ||     1
Armor: Scale mail        |    15 |       ||    15
       Ring mail         |    20 |    19 ||    39
Dodge: Dodged            |    20 |    30 ||    50
Block: Kite shield       |    36 |    45 ||    81
       Rpst.: Long sword |     3 |     7 ||    10

Table legend: (Time is in decaauts)
 A = Elapsed time spent in this place.
 B = Non-inter-level travel time spent in this place.
 C = Inter-level travel time spent in this place.
 D = Time resting spent in this place.
 E = Time spent auto-exploring this place.
 F = Levels seen in this place.
 G = Mean time per level.
                   A        B        C        D        E       F      G
               +--------+--------+--------+--------+--------+-----+--------+
         Total |   2545 |   2503 |     42 |    350 |   1780 |   2 | 1272.5 |
       Dungeon |   2545 |   2503 |     42 |    350 |   1780 |   2 | 1272.5 |
               +--------+--------+--------+--------+--------+-----+--------+

Top non-repeatable levels by time:
     D:1: 1384 daAuts
     D:2: 1160 daAuts
